 Dungeon Crawl Stone Soup version 0.19.1 (webtiles) character file.

3193 M4edhros the Sneak (level 9, -3/58 HPs)
             Began as an Octopode Artificer on Dec 11, 2016.
             Was a High Priest of Fedhas.
             Killed themself with a badly aimed iceblast (24 damage)
             ... on level 8 of the Dungeon.
             The game lasted 00:16:37 (7770 turns).

M4edhros the Sneak (Octopode Artificer)             Turns: 7770, Time: 00:16:39

Health: -3/58      AC:  1    Str: 10 (11) XL:     9   Next: 96%
Magic:  14/14      EV: 17    Int: 14      God:    Fedhas [*****.]
Gold:   234        SH:  0    Dex: 20      Spells: 0 memorised, 8 levels left

rFire  + . .     SeeInvis .     u - +2 spear (pierce)
rCold  x . .     Gourm    .     (no shield)
rNeg   . . .     Faith    .     (helmet restricted)
rPois  .         Spirit   .     (no amulet)
rElec  .         Reflect  .     m - ring of fire
rCorr  .         Harm     .     w - ring of wizardry
MR     .....                    E - +3 ring of dexterity
Stlth  +++++.....               (no ring)
                                (no ring)
                                (no ring)
                                (no ring)
                                (no ring)

@: no status effects
A: almost no armour, stealthy swim, amphibious, 8 rings, constrict 8, camouflage
1, agile 1, deterioration 1, slow regeneration 2, gelatinous body 1
a: Fungal Bloom, Evolution, Sunlight, Growth, Reproduction, Rain, Renounce
Religion


You were on level 8 of the Dungeon.
You worshipped Fedhas.
Fedhas was extremely pleased with you.
You were not hungry.

You visited 1 branch of the dungeon, and saw 8 of its levels.

You collected 457 gold pieces.
You spent 223 gold pieces at shops.

Inventory:

Hand Weapons
 u - a +2 spear of piercing (weapon)
 H - a +4 blowgun
Missiles
 s - 137 poisoned needles
 J - 8 curare-tipped needles
Armour
 g - a +0 shield
Jewellery
 m - a ring of fire (left tentacle)
 n - an uncursed ring of ice (quivered)
 w - a ring of wizardry (right tentacle)
 E - a +3 ring of dexterity (on tentacle)
Wands
 b - a wand of flame (12/48)
 c - a wand of enslavement (15/24)
 d - a wand of random effects (26/48)
Scrolls
 e - 2 scrolls of remove curse {unknown}
 h - 2 scrolls of magic mapping
 q - a scroll of torment {unknown}
 t - 2 scrolls of immolation {unknown}
 y - 2 scrolls of noise {unknown}
 B - 2 scrolls of blinking {unknown}
 C - 3 scrolls of teleportation
 D - 2 scrolls of enchant weapon
 G - a scroll of holy word
Potions
 a - 2 potions of haste
 j - 2 potions of agility
 k - 2 potions of heal wounds
 o - a potion of magic
 v - 3 potions of berserk rage
 x - a potion of might
 z - a potion of ambrosia
 A - a potion of curing
 F - 3 potions of lignification
Comestibles
 f - 2 bread rations
 i - 14 fruits
 l - 3 beef jerkies
 r - 10 meat rations


   Skills:
 + Level 3.9 Fighting
   Level 1.0 Short Blades
 * Level 6.0 Polearms
 + Level 5.3 Dodging
 + Level 7.7 Stealth
 + Level 3.8 Shields
 * Level 7.7 Invocations
 - Level 4.6 Evocations


You had 8 spell levels left.
You didn't know any spells.

Dungeon Overview and Level Annotations

Branches:
Dungeon (8/15)             Temple (0/1) D:5
   Lair: D:8-11

Altars:
Ashenzari
Cheibriados
Dithmenos
Elyvilon
Fedhas
Uskayaw
The Shining One

Shops:
D:4 ?   D:5 !!:   D:6 ?

Annotations:
D:8 Erica


Innate Abilities, Weirdness & Mutations

You cannot wear most types of armour.
You are very stealthy in the water. (Stealth+)
You are amphibious.
You can wear up to eight rings at the same time.
You can use your tentacles to constrict eight enemies at once.
Your skin changes colour to match your surroundings (Stealth+).
Your rubbery body absorbs attacks. (AC +1, EV +1)
You are agile. (Dex +2)
Your body sometimes deteriorates upon taking damage.
You do not regenerate when monsters are visible.


Message History

The rock wall explodes into countless fragments.
The hungry ghost hits you.
You feel a lot more hungry.
Evoke which item? (* to show all) (? for menu, Esc to quit)
Zapping:
d - a wand of random effects (27/48)
Press: ? - help, Shift-Dir - straight line, f/p - Erica
Aim: Erica the orb spider (heavily wounded, clinging)
The hungry ghost resists with some effort.
This wand has 26 charges left.
Evoke which item? (* to show all) (? for menu, Esc to quit)
Zapping:
d - a wand of random effects (26/48)
Press: ? - help, Shift-Dir - straight line, f/p - Erica
Aim: Erica the orb spider (heavily wounded, clinging)
The mass of ice explodes!
The iceblast engulfs the hungry ghost.
The hungry ghost partially resists.
The hungry ghost is severely damaged.
The iceblast engulfs Erica.
Erica is severely wounded.
The iceblast engulfs you!
You feel a painful chill!
You die...
Fedhas appreciates your contribution to the ecosystem.

+......# .# #r...?.#
#.# #.#'#..##..##
#.#.# .#.... #.#.#
#..# #.#)####..#
#....<....#
###.#.#...#
##.@.......#
#.W#(#.....#+#
#s##.###..#..#
#.##......+..#
#.#######.#..#######
#.#..s....#...#.....
#.##..........# #.#.
#.............# #..#
#.##..........#.#...


You could see Erica the orb spider and a hungry ghost.

Vanquished Creatures
  Pikel (D:5)
  Sigmund (D:6)
  2 black bears
  A slave (D:5)
  2 phantoms (D:6)
  An ice beast (D:7)
  3 ogres
  5 big kobolds
  4 bullfrogs
  6 killer bees (D:7)
  2 howler monkeys
  4 orc wizards
  2 hounds
  A worker ant (D:4)
  4 hound skeletons
  2 howler monkey skeletons
  A gnoll (D:3)
  11 adders
  4 oozes
  2 adder skeletons (D:3)
  2 worms
  3 dart slugs
  5 leopard geckos
  17 orcs
  2 ball pythons
  10 bats
  5 goblins
  10 hobgoblins
  2 jackals (D:1)
  7 quokkas
  4 frilled lizards
  48 kobolds
  A quokka skeleton (D:8)
  11 rats
186 creatures vanquished.

Vanquished Creatures (collateral kills)
  The ghost of dondy the Cleaver, an amateur HOMo (D:3)
  A slave (D:5)
  2 ice beasts
  An orc warrior (D:7)
  2 phantoms
  An ogre (D:3)
  2 centaurs (D:8)
  A bullfrog (D:6)
  A killer bee (D:7)
  2 orc priests (D:6)
  5 orc wizards
  An iguana (D:6)
  A worker ant (D:7)
  A hound skeleton (D:3)
  A hound zombie (D:6)
  A worm (D:2)
  A leopard gecko (D:6)
  6 orcs
  2 kobolds (D:8)
  A quokka (D:7)
  A bat (D:2)
  A quokka skeleton (D:6)
36 creatures vanquished.

Vanquished Creatures (others)
  A necrophage (D:7)
  A killer bee zombie (D:7)
  An adder (D:8)
  4 wandering mushrooms
  A ballistomycete spore (D:7)
  212 toadstools
220 creatures vanquished.

Grand Total: 442 creatures vanquished

Notes
Turn   | Place    | Note
-------+----------+-------------------------------------------
     0 | D:1      | M4edhros the Octopode Artificer began the quest for the Orb.
     0 | D:1      | Reached XP level 1. HP: 13/13 MP: 3/3
    60 | D:1      | Reached XP level 2. HP: 10/18 MP: 4/4
   518 | D:3      | Found a blossoming altar of Fedhas.
   544 | D:3      | Became a worshipper of Fedhas Madash
   610 | D:1      | Reached XP level 3. HP: 12/23 MP: 5/5
   662 | D:1      | Reached * piety under Fedhas
   827 | D:1      | Reached skill level 1 in Invocations
  1088 | D:2      | Reached XP level 4. HP: 16/28 MP: 5/7
  1601 | D:2      | Found a glowing golden altar of the Shining One.
  1916 | D:3      | Reached ** piety under Fedhas
  1917 | D:3      | Reached XP level 5. HP: 25/33 MP: 8/8
  1993 | D:3      | Noticed dondy's ghost (amateur HOMo)
  2018 | D:3      | Killed dondy's ghost
  2018 | D:3      | Reached XP level 6. HP: 5/38 MP: 9/9
  2561 | D:3      | Found a snail-covered altar of Cheibriados.
  2984 | D:4      | Found a hide-covered altar of Uskayaw.
  3076 | D:4      | Found a white marble altar of Elyvilon.
  3091 | D:4      | Reached skill level 1 in Polearms
  3186 | D:4      | Reached XP level 7. HP: 25/43 MP: 10/10
  3258 | D:4      | Found Zeerinevia's Magic Scroll Boutique.
  3266 | D:4      | Bought a scroll of teleportation for 33 gold pieces
  3266 | D:4      | Bought a scroll of enchant weapon for 82 gold pieces
  4004 | D:5      | Entered Level 5 of the Dungeon
  4021 | D:5      | Found Kubishai's Book Boutique.
  4059 | D:5      | Found a staircase to the Ecumenical Temple.
  4165 | D:5      | Reached skill level 1 in Shields
  4301 | D:5      | Reached skill level 5 in Stealth
  4361 | D:5      | Noticed Pikel
  4372 | D:5      | Killed Pikel
  4372 | D:5      | Reached skill level 5 in Invocations
  4372 | D:5      | Reached XP level 8. HP: 43/50 MP: 11/11
  4412 | D:5      | Found Led Moismedy's Distillery.
  4415 | D:5      | Bought a potion of might for 48 gold pieces
  4415 | D:5      | Bought a potion of degeneration for 12 gold pieces
  4415 | D:5      | Bought a potion of agility for 48 gold pieces
  4417 | D:5      | Gained mutation: You are agile. (Dex +2) [potion of beneficial mutation]
  4506 | D:5      | Reached *** piety under Fedhas
  4686 | D:5      | Found a shadowy altar of Dithmenos.
  4733 | D:5      | Found Ismerph's Distillery.
  4885 | D:6      | Reached **** piety under Fedhas
  5211 | D:6      | Noticed Sigmund
  5233 | D:6      | Killed Sigmund
  5474 | D:6      | Found Duashro's Magic Scroll Boutique.
  5712 | D:6      | Reached XP level 9. HP: 42/55 MP: 13/13
  6387 | D:7      | Reached skill level 5 in Polearms
  6387 | D:7      | Reached skill level 5 in Dodging
  6970 | D:7      | Gained mutation: Your flesh is heat resistant. (rF+) [potion of mutation]
  6970 | D:7      | Gained mutation: You regenerate slowly when monsters are visible. [potion of mutation]
  6970 | D:7      | Gained mutation: You do not regenerate when monsters are visible. [potion of mutation]
  6971 | D:7      | Gained mutation: Your body sometimes deteriorates upon taking damage. [potion of mutation]
  6971 | D:7      | Lost mutation: Your flesh is heat resistant. (rF+) [potion of mutation]
  7328 | D:8      | Reached ***** piety under Fedhas
  7550 | D:8      | Found a shattered altar of Ashenzari.
  7644 | D:8      | Noticed Prince Ribbit
  7697 | D:8      | Noticed Erica
  7719 | D:8      | Noticed Erica
  7719 | D:8      | Erica changed into Erica the orb spider
  7770 | D:8      | Killed themself with a badly aimed iceblast

Skill      XL: |  1  2  3  4  5  6  7  8  9 |
---------------+----------------------------+-----
Stealth        | 2 3 4 5 6 7 |  7.7
Invocations    | 1 2 3 4 5 6 7 |  7.7
Evocations     | 4 |  4.6
Dodging        | 3 4 5 |  5.3
Polearms       | 1 2 4 6 |  6.0
Shields        | 1 2 3 |  3.8
Fighting       | 2 3 |  3.9
Short Blades   | |  1.0

Action                   |  1- 3 |  4- 6 |  7- 9 || total
-------------------------+-------+-------+-------++-------
Melee: Short sword       |    67 |    72 |       ||   139
       Constrict         |    21 |    22 |    58 ||   101
       Tentacles         |    13 |    20 |    54 ||    87
       Spear             |       |    54 |   302 ||   356
 Fire: Blowgun           |       |       |     7 ||     7
Invok: Fungal Bloom      |    13 |    27 |    46 ||    86
       Evolution         |     1 |     1 |     2 ||     4
       Sunlight          |       |       |     5 ||     5
       Reproduction      |       |       |     1 ||     1
Evoke: Wand              |       |     3 |    10 ||    13
  Use: Scroll            |       |     5 |     9 ||    14
       Potion            |       |       |     8 ||     8
 Stab: Sleeping          |     7 |    15 |    11 ||    33
       Distracted        |     1 |       |       ||     1
       Confused          |       |       |     3 ||     3
  Eat: Bread ration      |       |     2 |     2 ||     4
       Meat ration       |       |       |     1 ||     1
       Chunk             |       |       |     2 ||     2
Armor: Skin              |     7 |    10 |     5 ||    22
Dodge: Dodged            |    45 |    73 |   153 ||   271
